 Dungeon Crawl Stone Soup version 0.29.0-4-gdea44cf6ec (webtiles) character file.

Game seed: 6257626810757020142

12119 qw the Cleaver (level 11, -3/72 HPs)
             Began as a Gargoyle Berserker on Sept 4, 2022.
             Was a Priest of Trog.
             Slain by a komodo dragon (23 damage)
             ... on level 11 of the Dungeon.
             The game lasted 00:04:44 (15567 turns).

qw the Cleaver (Gargoyle Berserker)                Turns: 15567, Time: 00:04:45

Health: -3/72      AC: 25    Str: 24    XL:     11   Next: 88%
Magic:  11/11      EV:  8    Int:  7    God:    Trog [***...]
Gold:   499        SH:  5    Dex: 14    Spells: 10/10 levels left

rFire   + . .      SeeInvis .   Y - +1 broad axe (elec)
rCold   . . .      Faith    .   a - +0 buckler
rNeg    + . .      Spirit   .   l - +0 plate armour
rPois   inf        Reflect  .   (no helmet)
rElec   +          Harm     .   f - +0 cloak
rCorr   .          Rampage  .   o - +1 pair of gloves
Will    +....                   (no boots)
Stlth   ..........              (no amulet)
HPRegen 0.22/turn               h - ring "Ziwud" {Fly rF+ Str-2 Dex+5}
MPRegen 0.12/turn               i - ring of willpower

@: on berserk cooldown, flying, slowed, very slow
A: sickness immunity, AC +8, negative energy resistance 1, electricity
resistance, torment resistance 1, petrification resistance
a: Renounce Religion, Berserk, Trog's Hand


You were on level 11 of the Dungeon.
You worshipped Trog.
Trog was most pleased with you.
You visited 1 branch of the dungeon, and saw 11 of its levels.

You collected 729 gold pieces.
You spent 230 gold pieces at shops.


Innate Abilities, Weirdness & Mutations

You are immune to sickness and miasma.
Your stone body is resilient. (AC +8)
You are immune to poison.
You resist negative energy. (rN+)
You are resistant to electric shocks. (rElec)
You are resistant to unholy torment.
You are immune to petrification.


   Skills:
 - Level 10.3 Fighting
 + Level 12.0 Axes
 - Level 1.6 Throwing
 - Level 9.0 Armour
 - Level 3.1 Dodging
 - Level 6.0 Shields


You had 10 spell levels left.
You didn't know any spells.
Your spell library was empty.

Inventory:

Hand Weapons
 p - a +0 morningstar
 Y - a +1 broad axe of electrocution (weapon)
Missiles
 n - 5 boomerangs (quivered)
Armour
 a - a +0 buckler (worn)
 f - a +0 cloak (worn)
 l - a +0 plate armour (worn)
 o - a +1 pair of gloves (worn)
Jewellery
 h - the ring "Ziwud" (left hand) {Fly rF+ Str-2 Dex+5}
   (You acquired it on level 4 of the Dungeon)

   [ring of protection from fire]

   Str:       It affects your strength (-2).
   Dex:       It affects your dexterity (+5).
   rF:        It protects you from fire.
   Fly:       It grants you flight.
 i - a ring of willpower (right hand)
 t - a ring of resist corrosion
Scrolls
 m - 5 scrolls of teleportation
 q - 3 scrolls of identify
Potions
 b - 5 potions of curing
 c - 2 potions of haste
 d - 3 potions of heal wounds
 g - 4 potions of might
 k - 2 potions of mutation
 r - 2 potions of cancellation

Dungeon Overview and Level Annotations

Branches:
Dungeon (11/15)            Temple (0/1) D:6
   Lair: D:8-11         Orc: D:9-12

Altars:
Cheibriados
Elyvilon
Hepliaklqana
Makhleb
Sif Muna
Trog
Uskayaw
Wu Jian
Xom
The Shining One

Shops:
D:2 :   D:8 *

Annotations:
D:2 1 runed translucent door, Crazy Yiuf
D:8 1 runed translucent door, qw's ghost, novice FoCA
D:10 3 runed translucent doors, qw's ghost, journeyman MiBe


Message History

A skeletal warrior comes into view. It is wielding a +0 battleaxe.
You hit the skeletal warrior but do no damage.
Lightning courses through the skeletal warrior!!
The skeletal warrior is heavily damaged.
You block the skeletal warrior's attack.
You slice the skeletal warrior!!
Lightning courses through the skeletal warrior!
The skeletal warrior is almost destroyed.
You block the skeletal warrior's attack.
The skeletal warrior hits you with a +0 long sword!
You closely miss the skeletal warrior.
The skeletal warrior is almost destroyed.
The skeletal warrior barely misses you.
You barely miss the skeletal warrior.
The skeletal warrior is almost destroyed.
A skeletal warrior comes into view. It is wielding a +0 dire flail.
The skeletal warrior hits you with a +0 long sword!
You hit the skeletal warrior.
The skeletal warrior is almost destroyed.
You barely miss the komodo dragon.
The komodo dragon completely misses you.
The skeletal warrior barely misses you. The komodo dragon bites you.
You slash the skeletal warrior!
You destroy the skeletal warrior!
Trog accepts your kill.
You hit the komodo dragon.
Lightning courses through the komodo dragon!
You block the komodo dragon's attack.
Your Fighting skill increases to level 10!
You hit the komodo dragon but do no damage.
Lightning courses through the komodo dragon!
The komodo dragon is severely wounded.
The komodo dragon bites you! You block the komodo dragon's attack.
You hit the komodo dragon.
The komodo dragon is severely wounded.
The komodo dragon bites you but does no damage.
You hit the komodo dragon.
The komodo dragon is severely wounded.
You block the komodo dragon's attack. The komodo dragon bites you!!
You die...

...# #....#.# .#.# #.#.##.# ...#
#......# ...# ###.#### ...### #[#
.....>. #.# ....... # #.#
#########
....###.###.####)#####.......####
....# #.....)...@lz......###.....
....# #.###.###.##z#.#.......####
###... .. ###.##........#..# ###
## #.............#..#
#.#.##.#.........#
#.#..............#
####.####......<##.##
#.....|.#.##[#.....###
#.##.##...##.###.....#


You could see 2 skeletal warriors and a komodo dragon.

Vanquished Creatures
  Fannar (D:11)
  Sonja (D:11)
  2 skeletal warriors (D:11)
  Pikel (D:9)
  2 ugly things
  A cyclops (D:9)
  2 unseen horrors
  Maggie (D:9)
  A tengu conjurer (D:9)
  3 trolls
  3 hornets
  A slime creature (D:9)
  A shadow (D:9)
  2 yaks (D:9)
  A steam dragon (D:7)
  3 vampire mosquitoes (D:11)
  3 acid dragons
  3 water moccasins
  An ice beast (D:7)
  3 sky beasts
  2 orc warriors (D:8)
  4 black bears
  9 centaurs
  An ogre (D:5)
  5 kobold brigands
  6 bullfrogs
  Blork the orc (D:5)
  7 wights
  5 killer bees (D:9)
  3 howler monkeys
  3 orc priests
  A gnoll bouda (D:6)
  3 jellies
  5 iguanas
  7 orc wizards
  15 gnolls
  6 adders
  A white imp (D:6)
  An ufetubus (D:6)
  4 worms
  3 dart slugs
  19 orcs
  5 endoplasms
  3 giant cockroaches
  10 goblins
  7 hobgoblins
  6 jackals
  5 quokkas
  6 ball pythons
  6 bats
  8 frilled lizards (D:1)
  30 kobolds
  5 rats
238 creatures vanquished.

Vanquished Creatures (others)
  A vampire (D:9)
  A howler monkey (D:9)
  5 fungi
  18 plants
  A withered plant (D:1)
26 creatures vanquished.

Grand Total: 264 creatures vanquished

Notes
Turn   | Place    | Note
-------+----------+-------------------------------------------
     0 | D:1      | qw the Gargoyle Berserker began the quest for the Orb.
     0 | D:1      | Reached XP level 1. HP: 14/14 MP: 1/1
     0 | D:1      | 0 ||| qw: Version: 0.1-a-103-gd6f5d3a
     0 | D:1      | 0 ||| qw: Game counter: 5701
     0 | D:1      | 0 ||| qw: Always use a shield: true
     0 | D:1      | 0 ||| qw: Do Orc after D:15 true
     0 | D:1      | 0 ||| qw: Do second Lair branch before Depths: true
     0 | D:1      | 0 ||| qw: Lair rune preference: random
     0 | D:1      | 0 ||| qw: Plans: Normal
     0 | D:1      | 0 ||| PLANNING D:1-11
    88 | D:1      | Reached skill level 3 in Axes
   221 | D:1      | 221 ||| Stepping ~*~*~tactically~*~*~ (stealth).
   223 | D:1      | 223 ||| Stepping ~*~*~tactically~*~*~ (stealth).
   225 | D:1      | 225 ||| Stepping ~*~*~tactically~*~*~ (stealth).
   231 | D:1      | Reached XP level 2. HP: 19/19 MP: 2/2
   339 | D:1      | 339 ||| Stepping ~*~*~tactically~*~*~ (stealth).
   341 | D:1      | 341 ||| Stepping ~*~*~tactically~*~*~ (stealth).
   343 | D:1      | 343 ||| Stepping ~*~*~tactically~*~*~ (stealth).
   524 | D:1      | 524 ||| Stepping ~*~*~tactically~*~*~ (stealth).
   525 | D:1      | 525 ||| Stepping ~*~*~tactically~*~*~ (stealth).
   686 | D:1      | Found a faded altar of an unknown god.
   726 | D:1      | 726 ||| DROPPING +0 club.
   848 | D:1      | Reached ** piety under Trog
  1083 | D:1      | Reached XP level 3. HP: 13/23 MP: 3/3
  1418 | D:1      | 1418 ||| UPGRADING to +0 chain mail.
  1428 | D:1      | 1428 ||| DROPPING +0 animal skin.
  1429 | D:1      | 1429 ||| UPGRADING to +0 cloak.
  1434 | D:1      | 1434 ||| READING 2 scrolls labelled OREMNEDEAN.
  1435 | D:1      | 1435 ||| READING scroll labelled ONIHAA BIMI.
  1439 | D:1      | 1439 ||| READING scroll labelled PILUIC PIUSYPN.
  1440 | D:1      | 1440 ||| DROPPING scroll of immolation.
  1492 | D:2      | 1492 ||| Stepping ~*~*~tactically~*~*~ (stealth).
  1493 | D:2      | 1493 ||| Stepping ~*~*~tactically~*~*~ (stealth).
  1520 | D:2      | 1520 ||| Stepping ~*~*~tactically~*~*~ (stealth).
  1521 | D:2      | 1521 ||| Stepping ~*~*~tactically~*~*~ (stealth).
  1568 | D:2      | Reached skill level 4 in Axes
  1717 | D:2      | Found Opsoude's Book Shop.
  1740 | D:2      | 1740 ||| Stepping ~*~*~tactically~*~*~ (stealth).
  1741 | D:2      | 1741 ||| Stepping ~*~*~tactically~*~*~ (stealth).
  1759 | D:2      | 1759 ||| INVOKING Berserk.
  1828 | D:2      | Reached XP level 4. HP: 28/28 MP: 4/4
  1917 | D:2      | 1917 ||| Stepping ~*~*~tactically~*~*~ (stealth).
  1951 | D:2      | 1951 ||| Stepping ~*~*~tactically~*~*~ (stealth).
  1957 | D:2      | 1957 ||| INVOKING Berserk.
  2082 | D:2      | 2082 ||| DROPPING +0 whip.
  2337 | D:2      | Found a runed translucent door.
  2338 | D:2      | Noticed Crazy Yiuf
  2425 | D:2      | 2425 ||| Stepping ~*~*~tactically~*~*~ (stealth).
  2608 | D:2      | 2608 ||| READING scroll labelled JUEROU FEAFUST.
  2609 | D:2      | 2609 ||| READING scroll labelled RIBEAVVONIPP.
  2610 | D:2      | 2610 ||| DRINKING 2 black potions.
  2809 | D:3      | 2809 ||| INVOKING Berserk.
  2817 | D:3      | Reached skill level 5 in Axes
  2825 | D:3      | Reached XP level 5. HP: 24/32 MP: 5/5
  3369 | D:3      | Found a hazy altar of Hepliaklqana.
  3482 | D:3      | Found a glowing golden altar of the Shining One.
  3612 | D:3      | 3612 ||| UPGRADING to +0 buckler.
  3617 | D:3      | 3617 ||| READING scroll labelled JISMAEFUKK.
  3618 | D:3      | 3618 ||| READING scroll labelled DAYVERIWIY.
  3619 | D:3      | 3619 ||| DRINKING 2 ruby potions.
  3642 | D:4      | 3642 ||| STAIRDANCE
  3775 | D:4      | Noticed a black bear
  3776 | D:4      | 3776 ||| Stepping ~*~*~tactically~*~*~ (stealth).
  3777 | D:4      | 3777 ||| Stepping ~*~*~tactically~*~*~ (stealth).
  3781 | D:4      | 3781 ||| INVOKING Berserk.
  3789 | D:4      | Killed a black bear
  3790 | D:4      | Reached skill level 3 in Shields
  3790 | D:4      | Reached XP level 6. HP: 38/38 MP: 6/6
  3966 | D:4      | 3966 ||| INVOKING Berserk.
  4253 | D:4      | 4253 ||| INVOKING Berserk.
  4592 | D:4      | 4592 ||| INVOKING Berserk.
  4596 | D:4      | HP: 6/57 [iguana (11)]
  5076 | D:4      | 5076 ||| SWAPPING to +0 broad axe.
  5077 | D:4      | 5077 ||| DROPPING +0 hand axe.
  5083 | D:4      | 5083 ||| UPGRADING to +0 pair of gloves.
  5088 | D:4      | 5088 ||| READING scroll labelled MOIROL KASTOCK.
  5089 | D:4      | 5089 ||| READING scroll labelled COULICV DEONO.
  5109 | D:4      | 5109 ||| READING scroll labelled ARENIE NAAGAY.
  5109 | D:4      | Identified a scroll of acquirement
  5109 | D:4      | 5109 ||| ACQUIRING ring "Ziwud" {Fly rF+ Str-2 Dex+5}
  5109 | D:4      | Acquired the ring "Ziwud" {Fly rF+ Str-2 Dex+5}
  5110 | D:4      | 5110 ||| DRINKING 2 metallic dark potions.
  5111 | D:4      | 5111 ||| DROPPING potion of attraction.
  5112 | D:4      | 5112 ||| READING scroll of teleportation.
  5233 | D:4      | 5233 ||| UPGRADING to ring "Ziwud" {Fly rF+ Str-2 Dex+5}.
  5234 | D:4      | 5234 ||| Stepping randomly (stuck).
  5249 | D:4      | 5249 ||| INVOKING Berserk.
  5444 | D:4      | 5444 ||| DRINKING 2 fizzy yellow potions.
  5471 | D:4      | 5471 ||| DROPPING potion of lignification.
  5472 | D:4      | 5472 ||| Stepping randomly (stuck).
  5473 | D:4      | 5473 ||| Stepping randomly (stuck).
  5474 | D:4      | 5474 ||| Stepping randomly (stuck).
  5475 | D:4      | 5475 ||| Stepping randomly (stuck).
  5476 | D:4      | 5476 ||| Stepping randomly (stuck).
  5477 | D:4      | 5477 ||| Stepping randomly (stuck).
  5479 | D:4      | 5479 ||| Stepping randomly (stuck).
  5480 | D:4      | 5480 ||| Stepping randomly (stuck).
  5481 | D:4      | 5481 ||| Stepping randomly (stuck).
  5482 | D:4      | 5482 ||| Stepping randomly (stuck).
  5483 | D:4      | 5483 ||| Stepping randomly (stuck).
  5484 | D:4      | 5484 ||| Stepping randomly (stuck).
  5490 | D:4      | 5490 ||| Stepping randomly (stuck).
  5491 | D:4      | 5491 ||| Stepping randomly (stuck).
  5492 | D:4      | 5492 ||| Stepping randomly (stuck).
  5493 | D:4      | 5493 ||| Stepping randomly (stuck).
  5494 | D:4      | 5494 ||| Stepping randomly (stuck).
  5638 | D:5      | Entered Level 5 of the Dungeon
  5694 | D:5      | 5694 ||| DROPPING +2 whip of electrocution.
  5696 | D:5      | Noticed Blork the orc
  5697 | D:5      | 5697 ||| Stepping ~*~*~tactically~*~*~ (hiding).
  5699 | D:5      | 5699 ||| Stepping ~*~*~tactically~*~*~ (hiding).
  5703 | D:5      | 5703 ||| INVOKING Berserk.
  5709 | D:5      | Killed Blork the orc
  5710 | D:5      | Reached skill level 3 in Armour
  5710 | D:5      | Reached XP level 7. HP: 17/43 MP: 7/7
  6072 | D:5      | 6072 ||| INVOKING Berserk.
  6078 | D:5      | Reached skill level 6 in Axes
  6523 | D:5      | 6523 ||| Stepping ~*~*~tactically~*~*~ (hiding).
  6654 | D:5      | 6654 ||| INVOKING Berserk.
  6812 | D:5      | Reached skill level 7 in Axes
  7022 | D:5      | 7022 ||| Stepping ~*~*~tactically~*~*~ (hiding).
  7120 | D:5      | 7120 ||| UPGRADING to ring of willpower.
  7121 | D:5      | 7121 ||| READING 2 scrolls labelled FAFEADGHOOT.
  7122 | D:5      | 7122 ||| DRINKING 3 fizzy ruby potions.
  7123 | D:5      | 7123 ||| DRINKING 2 viscous orange potions.
  7124 | D:5      | 7124 ||| READING 2 scrolls of identify.
  7124 | D:5      | 7124 ||| IDENTIFYING inky potion
  7125 | D:5      | 7125 ||| DROPPING potion of brilliance.
  7126 | D:5      | 7126 ||| DROPPING scroll of poison.
  7240 | D:6      | Found a snail-covered altar of Cheibriados.
  7253 | D:6      | 7253 ||| INVOKING Berserk.
  7257 | D:6      | Reached XP level 8. HP: 48/48 MP: 8/8
  7408 | D:6      | Found a staircase to the Ecumenical Temple.
  7495 | D:6      | 7495 ||| Stepping ~*~*~tactically~*~*~ (stealth).
  7582 | D:6      | 7582 ||| INVOKING Berserk.
  7749 | D:6      | Reached skill level 8 in Axes
  7749 | D:6      | 7749 ||| INVOKING Berserk.
  7904 | D:6      | Found a white marble altar of Elyvilon.
  7964 | D:6      | 7964 ||| INVOKING Berserk.
  8260 | D:6      | 8260 ||| INVOKING Berserk.
  8268 | D:6      | Reached skill level 6 in Fighting
  8579 | D:6      | 8579 ||| READING scroll labelled HEAQUA NEUNI.
  8580 | D:6      | 8580 ||| DRINKING 2 fuming coppery potions.
  8681 | D:6      | 8681 ||| READING 2 scrolls of identify.
  8681 | D:6      | 8681 ||| IDENTIFYING coppery potion
  8682 | D:6      | 8682 ||| DROPPING potion of ambrosia.
  8711 | D:7      | Reached XP level 9. HP: 51/56 MP: 9/9
  8765 | D:7      | Noticed a hornet
  8778 | D:7      | Killed a hornet
  8779 | D:7      | Reached skill level 9 in Axes
  9052 | D:7      | Found an ornate altar of the Wu Jian Council.
  9113 | D:7      | 9113 ||| Stepping ~*~*~tactically~*~*~ (stealth).
  9114 | D:7      | 9114 ||| Stepping ~*~*~tactically~*~*~ (stealth).
  9139 | D:7      | 9139 ||| FLEEEEING.
  9140 | D:7      | 9140 ||| FLEEEEING.
  9141 | D:7      | 9141 ||| FLEEEEING.
  9142 | D:7      | 9142 ||| FLEEEEING.
  9143 | D:7      | 9143 ||| FLEEEEING.
  9144 | D:7      | 9144 ||| FLEEEEING.
  9145 | D:7      | 9145 ||| FLEEEEING.
  9146 | D:7      | 9146 ||| FLEEEEING.
  9147 | D:7      | 9147 ||| FLEEEEING.
  9148 | D:7      | 9148 ||| FLEEEEING.
  9150 | D:7      | 9150 ||| FLEEEEING.
  9151 | D:7      | 9151 ||| FLEEEEING.
  9152 | D:7      | 9152 ||| FLEEEEING.
  9153 | D:7      | 9153 ||| FLEEEEING.
  9154 | D:7      | 9154 ||| FLEEEEING.
  9155 | D:7      | 9155 ||| FLEEEEING.
  9156 | D:7      | 9156 ||| FLEEEEING.
  9157 | D:7      | 9157 ||| FLEEEEING.
  9158 | D:7      | 9158 ||| FLEEEEING.
  9159 | D:7      | 9159 ||| FLEEEEING.
  9160 | D:7      | 9160 ||| FLEEEEING.
  9161 | D:7      | 9161 ||| FLEEEEING.
  9162 | D:7      | 9162 ||| FLEEEEING.
  9163 | D:7      | 9163 ||| FLEEEEING.
  9164 | D:7      | 9164 ||| FLEEEEING.
  9165 | D:7      | 9165 ||| FLEEEEING.
  9166 | D:7      | 9166 ||| FLEEEEING.
  9167 | D:7      | 9167 ||| FLEEEEING.
  9168 | D:7      | 9168 ||| FLEEEEING.
  9169 | D:7      | 9169 ||| FLEEEEING.
  9170 | D:7      | 9170 ||| FLEEEEING.
  9171 | D:7      | 9171 ||| FLEEEEING.
  9172 | D:7      | 9172 ||| STAIRDANCE
  9255 | D:7      | Reached *** piety under Trog
  9488 | D:7      | Found a burning altar of Makhleb.
  9507 | D:7      | Noticed a hornet
  9518 | D:7      | Killed a hornet
  9813 | D:7      | 9813 ||| Stepping ~*~*~tactically~*~*~ (stealth).
  9851 | D:7      | 9851 ||| Stepping ~*~*~tactically~*~*~ (hiding).
  9857 | D:7      | 9857 ||| INVOKING Berserk.
  9862 | D:7      | Reached skill level 1 in Throwing
 10074 | D:7      | 10074 ||| READING scroll labelled SORACVUACH.
 10075 | D:7      | 10075 ||| READING 2 scrolls of identify.
 10075 | D:7      | 10075 ||| IDENTIFYING sedimented grey potion
 10076 | D:7      | 10076 ||| DROPPING potion of magic.
 10101 | D:8      | Found Hidoafun's General Store.
 10109 | D:8      | 10109 ||| BUYING +2 vorpal flail (206 gold).
 10109 | D:8      | Bought a +2 vorpal flail for 206 gold pieces
 10109 | D:8      | 10109 ||| BUYING scroll of identify (24 gold).
 10109 | D:8      | Bought a scroll of identify for 24 gold pieces
 10109 | D:8      | 10109 ||| DROPPING +0 flail.
 10168 | D:8      | 10168 ||| INVOKING Berserk.
 10433 | D:8      | 10433 ||| INVOKING Berserk.
 10581 | D:8      | Reached skill level 10 in Axes
 10587 | D:8      | Reached XP level 10. HP: 35/63 MP: 10/10
 10773 | D:8      | 10773 ||| Stepping ~*~*~tactically~*~*~ (stealth).
 10779 | D:8      | 10779 ||| Stepping ~*~*~tactically~*~*~ (stealth).
 10839 | D:8      | 10839 ||| Stepping ~*~*~tactically~*~*~ (hiding).
 10841 | D:8      | 10841 ||| INVOKING Berserk.
 11030 | D:8      | 11030 ||| Stepping ~*~*~tactically~*~*~ (hiding).
 11319 | D:8      | Found a runed translucent door.
 11319 | D:8      | Noticed qw's ghost (novice FoCA)
 11327 | D:8      | Identified the +8 trident "Testudinebane" {venom, Fly rF-
                  | rC+}
 11582 | D:8      | 11582 ||| READING 4 scrolls of identify.
 11582 | D:8      | 11582 ||| IDENTIFYING viscous white potion
 11665 | D:9      | Noticed Maggie
 11666 | D:9      | 11666 ||| Stepping ~*~*~tactically~*~*~ (hiding).
 11668 | D:9      | 11668 ||| Stepping ~*~*~tactically~*~*~ (hiding).
 11669 | D:9      | 11669 ||| Stepping ~*~*~tactically~*~*~ (hiding).
 11670 | D:9      | 11670 ||| Stepping ~*~*~tactically~*~*~ (hiding).
 11672 | D:9      | 11672 ||| Stepping ~*~*~tactically~*~*~ (hiding).
 11684 | D:9      | Killed Maggie
 11685 | D:9      | Reached skill level 6 in Armour
 11695 | D:9      | 11695 ||| DROPPING +2 vorpal flail.
 11709 | D:9      | Identified the +0 buckler of Awe {rC- Int+6}
 11807 | D:9      | Noticed Pikel
 11816 | D:9      | Killed Pikel
 11963 | D:9      | Found a shimmering altar of Xom.
 11979 | D:9      | 11979 ||| FLEEEEING.
 11980 | D:9      | 11980 ||| FLEEEEING.
 11981 | D:9      | 11981 ||| FLEEEEING.
 11982 | D:9      | 11982 ||| FLEEEEING.
 11989 | D:9      | 11989 ||| FLEEEEING.
 11990 | D:9      | 11990 ||| FLEEEEING.
 11991 | D:9      | 11991 ||| FLEEEEING.
 11992 | D:9      | 11992 ||| FLEEEEING.
 11996 | D:9      | 11996 ||| FLEEEEING.
 11997 | D:9      | 11997 ||| FLEEEEING.
 12006 | D:9      | 12006 ||| STAIRDANCE
 12164 | D:8      | 12164 ||| DROPPING +0 buckler of Awe {rC- Int+6}.
 12210 | D:9      | 12210 ||| STAIRDANCE
 12434 | D:9      | 12434 ||| Stepping ~*~*~tactically~*~*~ (stealth).
 12435 | D:9      | 12435 ||| Stepping ~*~*~tactically~*~*~ (stealth).
 12436 | D:9      | 12436 ||| Stepping ~*~*~tactically~*~*~ (stealth).
 12605 | D:9      | Found a shimmering blue altar of Sif Muna.
 12643 | D:9      | Reached skill level 11 in Axes
 12906 | D:9      | Killed an unseen horror
 13136 | D:9      | 13136 ||| Stepping ~*~*~tactically~*~*~ (hiding).
 13137 | D:9      | 13137 ||| Stepping ~*~*~tactically~*~*~ (hiding).
 13142 | D:9      | 13142 ||| INVOKING Berserk.
 13146 | D:9      | Reached skill level 9 in Fighting
 13153 | D:9      | Reached **** piety under Trog
 13219 | D:9      | Noticed a cyclops
 13221 | D:9      | 13221 ||| INVOKING Berserk.
 13224 | D:9      | Killed a cyclops
 13225 | D:9      | Reached XP level 11. HP: 71/71 MP: 11/11
 13365 | D:9      | Reached skill level 12 in Axes
 13497 | D:9      | Reached skill level 3 in Dodging
 13597 | D:9      | 13597 ||| READING scroll labelled LIMINEMYTU.
 13633 | D:10     | Entered Level 10 of the Dungeon
 13642 | D:10     | 13642 ||| Stepping ~*~*~tactically~*~*~ (hiding).
 13644 | D:10     | 13644 ||| Stepping ~*~*~tactically~*~*~ (hiding).
 13679 | D:10     | Noticed a purple ugly thing
 13690 | D:10     | Killed a purple ugly thing
 13849 | D:10     | Found a flagged portal.
 13850 | D:10     | 13850 ||| Stepping ~*~*~tactically~*~*~ (stealth).
 14235 | D:10     | Found a hide-covered altar of Uskayaw.
 14291 | D:10     | Found a runed translucent gate.
 14291 | D:10     | Found a runed translucent gate.
 14293 | D:10     | Found a runed translucent gate.
 14295 | D:10     | Noticed qw's ghost (journeyman MiBe)
 14316 | D:10     | Found a bloodstained altar of Trog.
 14594 | D:10     | 14594 ||| DROPPING +1 ring mail of fire resistance.
 14595 | D:10     | 14595 ||| UPGRADING to +0 plate armour.
 14605 | D:10     | 14605 ||| DROPPING +0 chain mail.
 14606 | D:10     | 14606 ||| DROPPING +6 ring of intelligence.
 14652 | D:11     | 14652 ||| INVOKING Berserk.
 14816 | D:11     | Noticed Fannar
 14817 | D:11     | 14817 ||| Stepping ~*~*~tactically~*~*~ (stealth).
 14824 | D:11     | 14824 ||| Stepping ~*~*~tactically~*~*~ (stealth).
 14833 | D:11     | 14833 ||| INVOKING Berserk.
 14837 | D:11     | Killed Fannar
 15021 | D:11     | 15021 ||| INVOKING Berserk.
 15025 | D:11     | Reached skill level 6 in Shields
 15189 | D:11     | Noticed Sonja
 15239 | D:11     | Killed Sonja
 15240 | D:11     | Reached skill level 9 in Armour
 15330 | D:11     | 15330 ||| READING scroll of enchant armour.
 15330 | D:11     | 15330 ||| ENCHANTING +0 pair of gloves.
 15359 | D:11     | Noticed a purple ugly thing
 15369 | D:11     | 15369 ||| Stepping ~*~*~tactically~*~*~ (stealth).
 15372 | D:11     | Killed a purple ugly thing
 15383 | D:11     | 15383 ||| Stepping ~*~*~tactically~*~*~ (stealth).
 15388 | D:11     | 15388 ||| FLEEEEING.
 15389 | D:11     | 15389 ||| FLEEEEING.
 15391 | D:11     | 15391 ||| FLEEEEING.
 15392 | D:11     | 15392 ||| FLEEEEING.
 15393 | D:11     | 15393 ||| FLEEEEING.
 15394 | D:11     | 15394 ||| FLEEEEING.
 15395 | D:11     | 15395 ||| FLEEEEING.
 15397 | D:11     | 15397 ||| FLEEEEING.
 15398 | D:11     | 15398 ||| FLEEEEING.
 15399 | D:11     | 15399 ||| FLEEEEING.
 15400 | D:11     | 15400 ||| FLEEEEING.
 15401 | D:11     | 15401 ||| FLEEEEING.
 15407 | D:11     | 15407 ||| FLEEEEING.
 15409 | D:11     | 15409 ||| FLEEEEING.
 15414 | D:11     | 15414 ||| FLEEEEING.
 15416 | D:11     | 15416 ||| FLEEEEING.
 15543 | D:11     | Noticed a skeletal warrior
 15544 | D:11     | 15544 ||| Stepping ~*~*~tactically~*~*~ (stealth).
 15546 | D:11     | Noticed a skeletal warrior
 15548 | D:11     | 15548 ||| INVOKING Berserk.
 15552 | D:11     | Noticed a skeletal warrior
 15553 | D:11     | Killed a skeletal warrior
 15558 | D:11     | Noticed a skeletal warrior
 15562 | D:11     | Noticed a skeletal warrior
 15564 | D:11     | Killed a skeletal warrior
 15567 | D:11     | Slain by a komodo dragon

Levels and vault maps discovered:
D:1:      dpeg_arrival_lava_temple_mockup, layout_basic,
          ebering_ecumenical_altar_petrified, serial_forest,
          infiniplex_forest_end_2, infiniplex_forest_clump_curved,
          infiniplex_forest_straight_1, infiniplex_forest_clump_small,
          infiniplex_forest_straight_3, minmay_lizard_pond
D:2:      layout_loops_ring, serial_shops, nicolae_shop_crystal, minmay_unequal,
          uniq_crazy_yiuf_cottage
D:3:      layout_loops_ring, mainiacjoe_overflow_cross_hatched,
          mainiacjoe_overflow_alcove_1
D:4:      layout_loops_ring, minmay_puff
D:5:      layout_basic, uniq_blork_the_orc
D:6:      layout_basic, mainiacjoe_overflow_small_starburst,
          cheibriados_altar_1, minmay_temple_entry_butterflies,
          nicolae_figureground_sparkle
D:7:      layout_gridville, lemuel_crystal_altar, marbit_many_paths
D:8:      layout_loops_corners, ebering_ghost_funeral_grove,
          nicolae_stop_n_shop_1
D:9:      layout_basic, mainiacjoe_overflow_tiny_flanked, led_sif_pool,
          evilmike_minifort, uniq_pikel, uniq_maggie
D:10:     layout_long_grid, mainiacjoe_overflow_catch_the_wave, enter_bailey_5,
          ebering_ghost_rock_garden
D:11:     layout_loops_cross, david_lair_shrubbed, orc_0_dummy, uniq_sonja,
          uniq_fannar, uniq_urug, uniq_erica

Skill      XL: |  1  2  3  4  5  6  7  8  9 10 11 |
---------------+----------------------------------+-----
Axes           | 3 4 5 7 8 10 11 12 | 12.0
Fighting       | 4 6 7 9 10 | 10.3
Shields        | 3 4 5 6 |  6.0
Armour         | 3 4 5 6 9 |  9.0
Dodging        | 2 3 |  3.1
Throwing       | 1 |  1.6

Action                   |  1- 3 |  4- 6 |  7- 9 | 10-12 || total
-------------------------+-------+-------+-------+-------++-------
Melee: Hand axe          |   115 |   202 |       |       ||   317
       Punch             |     1 |     3 |       |       ||     4
       Broad axe         |       |    21 |   225 |   243 ||   489
Throw: Boomerang         |       |       |    16 |    58 ||    74
Invok: Berserk           |     1 |     8 |    10 |     7 ||    26
  Use: Scroll            |     3 |     8 |     6 |     3 ||    20
       Potion            |       |     4 |     3 |       ||     7
Armor: Animal skin       |    22 |       |       |       ||    22
       Chain mail        |    27 |   121 |   155 |   153 ||   456
       Plate armour      |       |       |       |    65 ||    65
Dodge: Dodged            |    53 |    66 |   105 |    92 ||   316
Block: Buckler           |       |    12 |    57 |    80 ||   149

Table legend:
 A = Non-vault XP
 B = Vault XP
 C = Vault XP percentage of total XP
 D = Non-vault monster count
 E = Vault monster count
 F = Vault count percentage of total count
                 A         B        C        D         E       F
            +---------+---------+-------+---------+---------+-------
      Total |   11027 |    6287 |  36.3 |     203 |      37 |  15.4
            +---------+---------+-------+---------+---------+-------
        D:1 |      27 |       7 |  20.6 |      18 |       7 |  28.0
        D:2 |      78 |      14 |  15.2 |      21 |       1 |   4.5
        D:3 |      96 |       0 |   0.0 |      17 |       0 |   0.0
        D:4 |     290 |      40 |  12.1 |      18 |       3 |  14.3
        D:5 |     534 |      87 |  14.0 |      20 |       1 |   4.8
        D:6 |    1139 |       0 |   0.0 |      16 |       0 |   0.0
        D:7 |    1746 |     133 |   7.1 |      27 |       1 |   3.6
        D:8 |    1398 |       0 |   0.0 |      39 |       0 |   0.0
        D:9 |     979 |    4347 |  81.6 |      13 |      18 |  58.1
       D:10 |    1477 |       8 |   0.5 |       6 |       4 |  40.0
       D:11 |    3263 |    1651 |  33.6 |       8 |       2 |  20.0
            +---------+---------+-------+---------+---------+-------
